 Dungeon Crawl Stone Soup version 0.14-a0-2017-g4a4604d (webtiles) character file.

75318 Mitsuki the Ninja (level 15, -1/72 HPs)
             Began as a Spriggan Assassin on Jan 18, 2014.
             Was the Champion of Dithmengos.
             Slain by a stone giant (43 damage)
             ... on Level 4 of the Orcish Mines.
             The game lasted 04:15:38 (34091 turns).

Mitsuki the Ninja (Spriggan Assassin)              Turns: 34091, Time: 04:15:39

HP  -1/72        AC  7     Str  8      XL: 15   Next:  4%
MP  24/24        EV 31     Int 13      God: Dithmengos [******]
Gold 1726        SH 23     Dex 23      Spells:  2 memorised, 11 levels left

rFire  . . .     SeeInvis +     a - +0,+2 orc dagger (elec)
rCold  . . .     Clarity  +     L - +2 robe {MR+}
rNeg   . . .     Conserve +     H - +3 dwarf buckler
rPois  .         rCorr    +     (helmet restricted)
rElec  .         rRot     .     A - +2 cloak {rCorr, Cons}
SustAb . .       Spirit   .     (gloves unavailable)
rMut   .         Warding  .     (boots unavailable)
Saprov . . .     Stasis   .     j - amulet of clarity
MR     +++++                    s - ring of protection from magic
                                B - ring of protection from magic

@: wreathed by umbra, very quick, almost entirely resistant to hostile
enchantments, uncannily stealthy
A: unfitting armour, see invisible, herbivore 3, speed 3, slow metabolism 2
a: Shadow Step, Shadow Form, Renounce Religion


You were on level 4 of the Orcish Mines.
You worshipped Dithmengos.
Dithmengos was exalted by your worship.
You were not hungry.

You visited 3 branches of the dungeon, and saw 24 of its levels.
You also visited: Ice Cave.

You collected 1969 gold pieces.
You spent 243 gold pieces at shops.

Inventory:

Hand weapons
 a - a +0,+2 orcish dagger of electrocution (weapon)
 b - a +2 blowgun
 i - a +0,+2 orcish dagger of holy wrath
 x - a +2,+4 dagger
Missiles
 e - 46 poisoned needles
 f - 12 curare-tipped needles
 k - 13 needles of confusion
 M - 3 silver darts (quivered)
Armour
 A - a +2 cloak of preservation (worn)
 H - a +3 dwarven buckler (worn)
 L - a +2 robe of magic resistance (worn)
Magical devices
 m - a wand of teleportation (2)
 q - a wand of frost (17)
 z - a wand of paralysis (10)
 C - a wand of digging (10)
Comestibles
 g - 4 cheeses
 l - a bread ration
 n - a royal jelly
Scrolls
 o - 10 scrolls of teleportation
 u - a scroll of blinking
 v - 5 scrolls of fear
 D - 4 scrolls of fog
 I - a scroll of remove curse
 K - 3 scrolls of magic mapping
Jewellery
 d - an uncursed amulet of resist mutation
 j - an amulet of clarity (around neck)
 s - a ring of protection from magic (right hand)
 B - a ring of protection from magic (left hand)
Potions
 c - a potion of magic
 h - a potion of restore abilities
 p - a potion of berserk rage
 r - 10 potions of curing
 t - 3 potions of flight
 w - a potion of might
 E - a potion of agility
 G - 3 potions of resistance


   Skills:
 + Level 5.0 Fighting
 * Level 11.2 Short Blades
 - Level 2.1 Throwing
 - Level 11.1 Dodging
 O Level 27 Stealth
 - Level 9.0 Shields


You had 11 spell levels left.
You knew the following spells:

 Your Spells              Type           Power        Failure   Level  Hunger
a - Apportation           Tloc           #.........   30%         1    ##.....
b - Blink                 Tloc           N/A          47%         2    ###....


Dungeon Overview and Level Annotations

Branches:
Dungeon (12/16)            Temple (0/1) D:5             Orc (4/4) D:10
   Lair (8/8) D:10          Swamp (0/5) Lair:4       Spider (0/5) Lair:6
  Slime (0/6) Lair:7
    Elf: Orc:3-4

Altars:
Cheibriados
Dithmengos
Fedhas
Kikubaaqudgha
Beogh
Jiyva

Shops:
D:8 [   Orc:1 [/(   Orc:4 *[?:

Annotations:
D:12 Kae's ghost, powerful SpEn


Innate Abilities, Weirdness & Mutations

You are tiny and cannot use many weapons and most armour.
You have supernaturally acute eyesight.
You are a herbivore.
You cover ground extremely quickly.
You need consume almost no food.


Message History

The warg zombie misses you. You block the orc's attack.
You hit the orc but do no damage.
There is a sudden explosion of sparks!
You kill the orc!
Dithmengos accepts your kill. You block the orc zombie's attack.
The warg zombie misses you. You block the warg zombie's attack.
The warg zombie completely misses you. You block the goblin skeleton's attack.
The goblin zombie completely misses you.
Things that are here:
an orcish dagger; a runed orcish ring mail; 19 gold pieces; an orc corpse You hit the goblin zombie but do no damage.
Your shadow attacks!
Your shadow hits the goblin zombie with a dagger.
You block the goblin zombie's attack.
You hit the stone giant.
The stone giant is lightly wounded.
The stone giant hits you!
Ouch! That really hurt!
You die...

...$........
...............
................#
.<...............#
..................#
.................#
..................##
........$.Zz.......#
..........zz@.....##
.......).zZC...<.##
........%z........#
..#...............#
...(............##
.#..(.............#
..................##
...#...............##
C......................#


You could see a stone giant, a warg zombie, a goblin zombie, 2 orc zombies, a
goblin skeleton, a hobgoblin skeleton and an ogre skeleton.

Vanquished Creatures
  2 ettins (Orc:4)
  Harold (Lair:3)
  Josephine (Orc:4)
  4 hydras
  Erica (Orc:2)
  29 death yaks
  3 catoblepae (Lair:8)
  Erolcha (D:12)
  3 hill giants
  4 cyclopes (Orc:4)
  An orc knight (D:12)
  3 griffons
  2 orc sorcerers (Orc:2)
  6 black mambas
  4 elephants (Lair:7)
  Maurice (D:10)
  A queen ant (Lair:4)
  Psyche (Orc:2)
  9 spiny frogs
  A mermaid (shapeshifter) (D:11)
  Sonja (D:12)
  5 komodo dragons
  A queen bee (Lair:8)
  3 trolls
  A jumping spider (Lair:6)
  9 blink frogs
  2 basilisks
  17 sharks
  A wyvern (D:12)
  A shadow (D:11)
  Eustachio (Orc:1)
  A hog (D:8)
  2 hungry ghosts
  Grum (Orc:2)
  3 steam dragons
  49 yaks
  8 hippogriffs
  5 soldier ants (Lair:4)
  A mottled dragon (D:11)
  19 wolves
  A human (D:8)
  9 porcupines
  3 yellow wasps
  6 sky beasts
  A black bear (D:9)
  A phantom (D:5)
  16 ice beasts
  10 giant goldfish
  22 orc warriors
  5 centaurs
  8 ogres
  8 wargs
  A boring beetle (Lair:7)
  The ghost of DaftWullie the Cutter, an average KoBe of Trog (D:3)
  13 crocodiles
  Duvessa (Orc:1)
  12 water moccasins
  6 giant slugs
  3 big kobolds
  A gnoll sergeant (D:11)
  6 agate snails
  14 giant frogs
  45 killer bees
  2 eyes of draining (D:12)
  A jelly (D:10)
  7 electric eels
  7 crimson imps
  A goliath beetle (D:9)
  9 jellyfish
  Dowan (Orc:1)
  15 orc priests
  33 orc wizards
  15 hounds
  4 iguanas
  3 big fish
  A giant frog skeleton (D:7)
  4 scorpions
  6 sheep
  An ogre zombie (D:9)
  15 worker ants
  A mummy (D:9)
  3 gnolls (D:11)
  33 green rats
  21 adders
  2 giant centipedes
  An inept feature mimic (D:4)
  4 giant mites
  A worm (D:8)
  An orc zombie (Orc:4)
  An adder skeleton (D:8)
  4 giant eyeballs
  147 orcs
  19 bats
  6 giant cockroaches
  13 goblins
  15 hobgoblins
  26 kobolds
  2 oozes
  19 quokkas
  4 ball pythons
  5 giant geckos
  4 giant newts
  A giant spore (D:10)
  A goblin skeleton (D:4)
  27 jackals
  19 rats
  A rat zombie (D:7)
  18 ballistomycetes
  A fungus (Lair:7)
  4 plants
931 creatures vanquished.

Vanquished Creatures (others)
  An orc wizard (D:9)
  An orc (Orc:3)
  2 giant spores (D:9)
  A ballistomycete (D:10)
  10 fungi
  17 plants
32 creatures vanquished.

Grand Total: 963 creatures vanquished

Notes
Turn   | Place    | Note
--------------------------------------------------------------
     0 | D:1      | Mitsuki, the Spriggan Assassin, began the quest for the Orb.
     0 | D:1      | Reached XP level 1. HP: 10/10 MP: 2/2
    99 | D:1      | Reached skill level 6 in Stealth
   168 | D:1      | Reached XP level 2. HP: 5/14 MP: 4/4
   593 | D:1      | Reached skill level 7 in Stealth
  1062 | D:1      | Reached XP level 3. HP: 18/18 MP: 6/6
  1341 | D:2      | Reached skill level 8 in Stealth
  1548 | D:2      | Reached XP level 4. HP: 20/22 MP: 8/8
  1977 | D:3      | Noticed DaftWullie's ghost (average KoBe)
  2095 | D:3      | Reached skill level 9 in Stealth
  2438 | D:4      | Found Waizayca's Magical Wand Emporium.
  2661 | D:4      | Reached XP level 5. HP: 25/25 MP: 10/10
  2719 | D:4      | Reached skill level 10 in Stealth
  2835 | D:4      | Waizayca's Magical Wand Emporium was a mimic.
  3383 | D:3      | Found a shadowy altar of Dithmengos.
  3395 | D:3      | Became a worshipper of Dithmengos
  3404 | D:3      | Found a blossoming altar of Fedhas.
  3409 | D:3      | Found a snail-covered altar of Cheibriados.
  3574 | D:5      | Entered Level 5 of the Dungeon
  3603 | D:5      | Found a staircase to the Ecumenical Temple.
  3708 | D:5      | Reached skill level 11 in Stealth
  3708 | D:5      | Reached XP level 6. HP: 19/30 MP: 12/12
  3893 | D:5      | Noticed a phantom
  4205 | D:6      | Found an ancient bone altar of Kikubaaqudgha.
  5157 | D:7      | Reached skill level 12 in Stealth
  5296 | D:7      | Noticed a hungry ghost
  5298 | D:7      | Reached XP level 7. HP: 33/33 MP: 14/14
  5337 | D:7      | Killed a hungry ghost
  6081 | D:8      | HP: 1/33 [hippogriff (2)]
  6082 | D:8      | Reached skill level 5 in Dodging
  6567 | D:8      | Reached skill level 5 in Short Blades
  6567 | D:8      | Reached XP level 8. HP: 37/37 MP: 16/16
  6602 | D:8      | Found Nuecip's Armour Emporium.
  6855 | D:8      | Bought a +2 robe of magic resistance for 243 gold pieces
  6955 | D:8      | Paralysed by a potion of paralysis for 5 turns
  6960 | D:8      | Paralysed by a potion of paralysis for 3 turns
  7182 | D:8      | Acquired Dithmengos' first power
  7723 | D:8      | Reached skill level 10 in Dodging
  7958 | D:8      | Reached XP level 9. HP: 41/41 MP: 18/18
  7997 | D:8      | Noticed a hog
  7997 | D:8      | Noticed a yak
  8038 | D:8      | Reached skill level 13 in Stealth
  8051 | D:8      | Killed a hog
  8090 | D:8      | Killed a yak
  8480 | D:9      | Reached skill level 14 in Stealth
  9130 | D:9      | Paralysed by a giant eyeball for 2 turns
  9335 | D:9      | Acquired Dithmengos' second power
  9500 | D:9      | Reached skill level 15 in Stealth
  9940 | D:9      | Reached skill level 16 in Stealth
  9986 | D:9      | Reached XP level 10. HP: 7/47 MP: 19/19
 10727 | D:5      | Killed a phantom
 11003 | D:10     | Entered Level 10 of the Dungeon
 11148 | D:10     | Found a staircase to the Orcish Mines.
 11299 | D:10     | Noticed Maurice
 11315 | D:10     | Killed Maurice
 11315 | D:10     | Reached skill level 17 in Stealth
 11322 | D:10     | Identified a +1 cloak of preservation (You took it off Maurice on level 10 of the Dungeon)
 11626 | D:10     | Noticed a hill giant
 11659 | D:10     | Killed a hill giant
 11659 | D:10     | Reached skill level 18 in Stealth
 11866 | D:10     | Found a roughly hewn altar of Beogh.
 11955 | D:10     | Acquired Dithmengos' third power
 12143 | D:11     | Noticed a hill giant
 12153 | D:11     | Killed a hill giant
 12153 | D:11     | Reached skill level 19 in Stealth
 12368 | D:10     | Reached XP level 11. HP: 44/52 MP: 20/20
 13471 | D:11     | Reached skill level 20 in Stealth
 13589 | D:11     | Acquired Dithmengos' fourth power
 14131 | D:12     | Noticed Kae's ghost (powerful SpEn)
 14380 | D:12     | Noticed Sonja
 14386 | D:12     | Killed Sonja
 14603 | D:12     | Noticed a hill giant
 14619 | D:12     | Killed a hill giant
 14782 | D:12     | Reached skill level 21 in Stealth
 15318 | D:12     | Noticed Erolcha
 15347 | D:12     | Killed Erolcha
 16008 | D:3      | Killed DaftWullie's ghost
 16300 | D:10     | Found a staircase to the Lair.
 16748 | Lair:1   | Entered Level 1 of the Lair of Beasts
 17311 | Lair:1   | Reached skill level 22 in Stealth
 17591 | Lair:2   | Reached XP level 12. HP: 51/58 MP: 21/21
 17614 | Lair:2   | Identified the Tome of Orientation
 17617 | Lair:2   | Learned a level 1 spell: Apportation
 18503 | Lair:3   | Noticed Harold
 18514 | Lair:3   | Killed Harold
 18514 | Lair:3   | Reached skill level 23 in Stealth
 18641 | Lair:3   | Noticed a four-headed hydra
 19568 | Lair:4   | Reached skill level 24 in Stealth
 19804 | Lair:4   | Found a staircase to the Swamp.
 20612 | Lair:5   | Found a frozen archway.
 20668 | IceCv    | Entered an ice cave
 20715 | IceCv    | Got a slimy hand axe
 21145 | Lair:5   | Identified the +1,+6 hand axe of Dishonour {chop, +Blink rElec rPois rN+ SInv} (You found it in an ice cave)
 21252 | Lair:5   | Reached skill level 25 in Stealth
 21252 | Lair:5   | Reached XP level 13. HP: 63/63 MP: 22/22
 22901 | Lair:6   | Found a hole to the Spider Nest.
 23205 | Lair:5   | Reached skill level 10 in Short Blades
 23561 | Lair:6   | Learned a level 2 spell: Blink
 23660 | Lair:6   | Reached skill level 26 in Stealth
 24116 | Lair:7   | Found a viscous altar of Jiyva.
 24116 | Lair:7   | Found a staircase to the Slime Pits.
 24796 | Lair:7   | Reached skill level 27 in Stealth
 24869 | Lair:7   | Reached skill level 1 in Shields
 24970 | Lair:7   | Upgraded the game from 0.14-a0-2001-g390038d to 0.14-a0-2017-g4a4604d
 25511 | Lair:8   | Entered Level 8 of the Lair of Beasts
 25656 | Lair:8   | Reached XP level 14. HP: 67/67 MP: 23/23
 25902 | Lair:8   | Reached skill level 5 in Shields
 29639 | Orc:1    | Entered Level 1 of the Orcish Mines
 29648 | Orc:1    | Noticed Eustachio
 29655 | Orc:1    | Killed Eustachio
 29656 | Orc:1    | Found Waleraf's Armour Emporium.
 29719 | Orc:1    | Found Chiodwomp's Magical Wand Shoppe.
 29756 | Orc:1    | Found Plywn's Antique Weapon Shoppe.
 29837 | Orc:1    | Noticed Dowan
 29899 | Orc:1    | Noticed Duvessa
 29906 | Orc:1    | Killed Duvessa
 29911 | Orc:1    | Killed Dowan
 30255 | Orc:2    | Noticed Erica
 30265 | Orc:2    | Noticed Grum
 30445 | Orc:2    | Noticed Psyche
 30582 | Orc:2    | Killed Psyche
 30619 | Orc:2    | Killed Grum
 30715 | Orc:2    | Killed Erica
 31748 | Orc:3    | Noticed an orc warlord
 33552 | Orc:4    | Entered Level 4 of the Orcish Mines
 33576 | Orc:4    | Found Piraoc's Book Emporium.
 33585 | Orc:4    | Found Klirph's Magic Scroll Emporium.
 33833 | Orc:4    | Found Hiuwnuke's Antique Armour Boutique.
 33841 | Orc:4    | Reached XP level 15. HP: 71/71 MP: 24/24
 33864 | Orc:4    | Found Ruann's General Store.
 34055 | Orc:4    | Noticed Josephine
 34077 | Orc:4    | Killed Josephine
 34077 | Orc:4    | Reached skill level 5 in Fighting
 34091 | Orc:4    | Slain by a stone giant

Action                   |  1- 3 |  4- 6 |  7- 9 | 10-12 | 13-15 || total
-------------------------+-------+-------+-------+-------+-------++-------
Melee: Dagger            |   122 |   174 |   624 |  1069 |  1477 ||  3466
       Short sword       |       |       |       |       |    17 ||    17
 Fire: Blowgun           |     1 |    41 |   104 |    31 |    48 ||   225
Invok: Shadow Step       |       |       |       |     2 |       ||     2
       Shadow Form       |       |       |       |     1 |     1 ||     2
Evoke: Wand              |       |     2 |    14 |     7 |     6 ||    29
  Use: Scroll            |       |    10 |     1 |    18 |     4 ||    33
       Potion            |       |     1 |    18 |     2 |    11 ||    32
 Stab: Sleeping          |    15 |    27 |    18 |   137 |   116 ||   313
       Distracted        |       |       |     3 |    15 |    29 ||    47
       Invisible         |       |       |       |     3 |    14 ||    17
       Paralysed         |       |       |       |       |     1 ||     1
